Map: Neon Violet Square LE

Players

ShoWTimE

  • Race: Protoss Protoss
  • Spawn Location: 5:00

Dear - Winner!

  • Race: Protoss Protoss
  • Spawn Location: 11:00

Event: IEM Season 12 - Katowice

VOD

Have the link to the VOD?

Description

Time

  • Played on: March 1, 2018, 7:41 a.m.
  • Length: 10:10

All games in this series

Show
View Real Time Build Order
Export as new Build Order

ShoWTimE Protoss 

Build Orders: Phoenix Opening, Archon Immortal, Blink Stalkers, Zealot Archon, Dark Templar Rush 

Get SALT Encoding   

  12  0:00  Probe  
  13  0:12  Probe  
  14  0:18  Pylon  
  14  0:25  Probe (Chrono Boost)  
  15  0:37  Probe (Chrono Boost)  
  15  0:38  Gateway  
  16  0:45  Probe (Chrono Boost)  
  16  0:47  Assimilator  
  17  0:51  Probe (Chrono Boost)  
  17  0:55  Assimilator  
  18  1:03  Probe (Chrono Boost)  
  19  1:08  Gateway  
  19  1:12  Probe (Chrono Boost)  
  19  1:18  Probe  
  20  1:25  Cybernetics Core  
  21  1:30  Probe  
  22  1:36  Pylon  
  22  1:42  Probe  
  23  1:54  Probe  
  23  2:01  Warp Gate (Chrono Boost), Stalker  
  24  2:02  Sentry  
  28  2:13  Pylon  
  28  2:28  Stalker  
  30  2:38  Twilight Council  
  30  2:48  Nexus  
  30  2:56  Shield Battery  
  30  3:00  Probe  
  31  3:07  Phoenix  
  31  3:15  Dark Shrine  
  31  3:16  Probe  
  32  3:24  Shield Battery  
  32  3:29  Probe  
  33  3:37  Robotics Facility  
  33  3:41  Probe  
  34  3:47  Pylon  
  34  3:53  Probe  
  35  3:58  Blink (Chrono Boost)  
  35  4:01  Probe (Chrono Boost)  
  36  4:05  Probe (Chrono Boost)  
  37  4:13  Probe (Chrono Boost)  
  37  4:16  Probe (Chrono Boost)  
  39  4:18  Probe (Chrono Boost)  
  39  4:20  Probe (Chrono Boost)  
  41  4:27  Dark Templar  
  41  4:28  Probe, Observer  
  45  4:32  Probe  
  44  4:38  Pylon  
  44  4:41  Probe  
  44  4:42  Stalker  
  44  4:44  Probe, Stalker  
  47  4:53  Probe  
  47  4:56  Probe  
  49  5:05  Probe  
  50  5:08  Probe, Forge  
  50  5:13  Stalker  
  50  5:14  Stalker  
  55  5:17  Probe  
  55  5:19  Pylon  
  55  5:20  Probe  
  57  5:29  Probe  
  57  5:30  Phoenix  
  57  5:31  Nexus  
  57  5:32  Probe  
  59  5:39  Stalker  
  59  5:41  Probe  
  62  5:43  Protoss Ground Weapons Level 1 (Chrono Boost), Stalker  
  62  5:44  Probe  
  62  5:47  Assimilator  
  65  5:53  Probe  
  65  5:55  Assimilator  
  65  5:56  Probe  
  67  6:05  Probe, Pylon  
  67  6:07  Charge  
  67  6:08  Probe  
  69  6:12  Pylon  
  69  6:17  Probe  
  70  6:20  Gateway  
  70  6:23  Probe  
  70  6:24  Gateway  
  71  6:28  Immortal  
  71  6:29  Probe  
  76  6:35  Probe  
  76  6:39  Assimilator  
  77  6:42  Probe, Assimilator  
  77  6:43  Probe  
  79  6:47  Probe  
  79  6:49  Gateway  
  79  6:50  Stalker  
  79  6:54  Probe  
  83  6:55  Pylon  
  83  7:10  Templar Archives  
  83  7:13  Immortal, Observer, Gateway  
  87  7:16  Protoss Ground Weapons Level 2 (Chrono Boost)  
  87  7:17  Probe x2, Gateway  
  89  7:22  Pylon  
  89  7:30  Phoenix, Gateway  
  89  7:39  Pylon  
  89  7:48  High Templar x4  
  97  7:53  Archon  
  97  7:54  Archon  
  97  7:55  Immortal, Photon Cannon  
  97  7:57  Pylon  
  101  8:01  Pylon  
  101  8:08  Nexus  
  101  8:13  Pylon  
  101  8:15  High Templar x2  
  101  8:19  Archon  
  105  8:21  High Templar x2  
  105  8:25  Archon  
  109  8:31  Immortal (Chrono Boost)  
  109  8:33  Probe x3  
  116  8:42  High Templar x2  
  116  8:43  Zealot x2  
  116  8:45  Probe  
  125  8:48  Archon  
  124  9:02  Zealot x4, Immortal (Chrono Boost)  
  96  9:10  Zealot x2  
  88  9:19  Zealot x2  
  86  9:29  Zealot x4  
  75  9:33  Dark Templar  
Show
View Real Time Build Order
Export as new Build Order

Dear Protoss - Winner!

Build Orders: Phoenix Opening, Zealot Archon 

Get SALT Encoding   

  12  0:00  Probe  
  13  0:12  Probe  
  14  0:19  Pylon  
  14  0:24  Probe  
  15  0:37  Probe (Chrono Boost)  
  15  0:38  Gateway  
  16  0:46  Probe (Chrono Boost)  
  16  0:47  Assimilator  
  17  0:51  Probe (Chrono Boost)  
  17  0:55  Assimilator  
  18  1:03  Probe (Chrono Boost)  
  19  1:09  Gateway  
  19  1:14  Probe (Chrono Boost)  
  20  1:19  Probe (Chrono Boost)  
  21  1:25  Cybernetics Core  
  21  1:30  Probe  
  22  1:36  Pylon  
  22  1:42  Probe  
  23  2:02  Probe  
  23  2:03  Stalker  
  23  2:04  Stalker  
  23  2:05  Warp Gate  
  28  2:15  Pylon  
  28  2:34  Sentry  
  29  2:38  Stargate  
  29  2:52  Nexus  
  29  2:55  Probe  
  30  3:07  Probe  
  31  3:14  Pylon  
  31  3:19  Probe  
  32  3:20  Phoenix (Chrono Boost)  
  34  3:31  Probe  
  35  3:36  Phoenix (Chrono Boost)  
  37  3:43  Probe  
  40  3:56  Probe  
  40  4:02  Robotics Facility  
  41  4:05  Probe  
  41  4:09  Probe, Oracle (Chrono Boost)  
  44  4:17  Probe  
  44  4:21  Probe  
  46  4:29  Probe  
  47  4:33  Probe  
  48  4:38  Nexus  
  48  4:41  Probe  
  49  4:48  Phoenix  
  49  4:49  Observer  
  52  4:53  Probe x2  
  52  4:57  Pylon  
  54  5:00  Forge  
  54  5:03  Assimilator  
  54  5:05  Probe x2 (Chrono Boost)  
  56  5:07  Assimilator  
  56  5:17  Probe x2 (Chrono Boost)  
  56  5:20  Immortal  
  62  5:21  Probe x2 (Chrono Boost)  
  62  5:27  Protoss Ground Weapons Level 1 (Chrono Boost)  
  64  5:30  Pylon  
  64  5:32  Probe x2  
  66  5:44  Probe (Chrono Boost)  
  66  5:45  Probe (Chrono Boost)  
  66  5:47  Pylon  
  68  5:53  Probe (Chrono Boost)  
  68  5:56  Probe (Chrono Boost)  
  68  5:57  Assimilator  
  71  6:00  Assimilator  
  71  6:01  Probe (Chrono Boost)  
  71  6:02  Probe (Chrono Boost)  
  71  6:03  Probe (Chrono Boost)  
  71  6:04  Immortal  
  77  6:07  Probe (Chrono Boost)  
  77  6:08  Probe  
  77  6:10  Probe  
  79  6:16  Twilight Council  
  80  6:19  Probe  
  80  6:20  Probe  
  80  6:24  Probe  
  83  6:31  Gateway  
  83  6:32  Gateway  
  83  6:34  Gateway  
  83  6:35  Gateway  
  83  6:42  Charge  
  83  6:43  Immortal  
  87  6:48  Gateway  
  87  6:51  Gateway  
  87  6:55  Templar Archives  
  87  6:58  Protoss Ground Weapons Level 2 (Chrono Boost)  
  87  7:04  Nexus  
  87  7:18  Gateway  
  87  7:19  Gateway  
  87  7:22  Probe x3  
  90  7:25  Warp Prism  
  92  7:32  High Templar x4  
  92  7:36  Pylon  
  100  7:37  Archon  
  100  7:38  Pylon, Archon  
  100  7:40  Pylon  
  100  7:41  Pylon  
  100  7:47  Pylon  
  100  7:51  Photon Cannon  
  100  7:57  High Templar x4  
  108  8:00  Probe x2  
  108  8:01  Probe, Archon x2  
  111  8:05  High Templar x2  
  111  8:06  Zealot x2  
  111  8:10  Archon  
  119  8:24  High Templar  
  119  8:25  High Templar  
  123  8:29  Zealot x5, Photon Cannon  
  123  8:30  Zealot, Archon  
  135  8:39  Pylon  
  135  8:40  Pylon  
  135  8:45  High Templar x2  
  139  8:49  Archon  
  139  8:51  Zealot x6  
  143  9:04  Zealot  
  143  9:05  Zealot  
  123  9:22  Zealot x7  
  131  9:29  Zealot x3  
  129  9:38  Assimilator x2  
  118  9:39  Probe x4  

Tags
 
Add a new tag
Caveats
  • Supply blocks, unpowered buildings, or Contaminate may cause inaccurate times.
  • Supply counts are checked every 10 seconds.